 Dungeon Sprint DCSS version 0.30.1 (webtiles) character file.

Game seed: 16232803843205115261

6 Groucho the Chopper (level 1, 0/13 HPs)
             Began as a Gargoyle Gladiator on July 7, 2023.
             Slain by an iguana (2 damage)
             ... in the Dungeon (Sprint IX: "|||||||||||||||||||||||||||||").
             The game lasted 00:00:36 (471 turns).

Groucho the Chopper (Gargoyle Gladiator)             Turns: 471, Time: 00:00:37

Health: 0/13       AC:  6    Str: 17    XL:     1   Next: 90%
Magic:  1/1        EV: 12    Int:  8    God:
Gold:   0          SH:  0    Dex: 11    Spells: 0/0 levels left

rFire   . . .        a - +0 war axe
rCold   . . .        (no shield)
rNeg    + . .        b - +0 leather armour
rPois   ∞            c - +0 helmet
rElec   +            (no cloak)
rCorr   .            (no gloves)
SInv    .            (no boots)
Will    .....        (no amulet)
Stlth   +            (no ring)
HPRegen 0.22/turn    (no ring)
MPRegen 0.07/turn

%: no teleportation
@: no status effects
A: sickness immunity, AC +2, negative energy resistance 1, electricity
resistance, torment resistance 1, petrification resistance
a: no special abilities


You were in the Dungeon.
You visited 1 branch

Inventory:

Hand Weapons
 a - a +0 war axe (weapon)
Missiles
 d - 3 throwing nets (quivered)
 e - a javelin
Armour
 b - a +0 leather armour (worn)
 c - a +0 helmet (worn)
Potions
 f - a potion of curing
 h - a potion of haste
 i - 2 potions of magic
 j - a potion of berserk rage


   Skills:
 + Level 2.9 Fighting
 + Level 3.1 Axes
 - Level 1.7 Throwing
 + Level 1.6 Armour
 + Level 2.8 Dodging


You couldn't memorise any spells.
You didn't know any spells.
Your spell library was empty.

Dungeon Overview and Level Annotations

Branches:
Dungeon (1/1)

Altars:


Innate Abilities, Weirdness & Mutations

You are immune to sickness and miasma.
Your stone body is resilient. (AC +2)
You are immune to poison.
You resist negative energy. (rN+)
You are resistant to electric shocks. (rElec)
You are resistant to unholy torment.
You are immune to petrification.


Message History

You are too injured to fight recklessly!
Unknown command.
You feel much better. The iguana closely misses you.
Unknown command.
You hit the iguana.
The iguana is lightly wounded.
The iguana bites you.
Unknown command.
You barely miss the iguana.
The iguana is lightly wounded.
The iguana bites you!
Ouch! That really hurt!
* * * LOW HITPOINT WARNING * * *
Unknown command.
Unknown command.
Okay, then.
Okay, then.
Blink to where?
Press: ? - help, Dir - move target
As you read the scroll of blinking, it crumbles to dust.
You close the door, pushing everything out of the way.
Unknown command.
Unknown command.
You start resting.
HP restored.
You start waiting.
You start waiting.
Done waiting.
You start waiting.
Done waiting.
You start waiting.
Done waiting.
No target in view!
As you open the door, it creaks loudly!
The orc wizard shouts!
You hit the iguana but do no damage. The iguana bites you!
Ouch! That really hurt!
* * * LOW HITPOINT WARNING * * *
The orc wizard gestures wildly while chanting.
The orc wizard flickers and vanishes!
The iguana bites you.
You die...

▓.▓
▓5▓
▓{▓
▓.▓
▓w▓
▓.▓
▓)▓
▓l▓
▓@▓
▓.▓
▓.▓
▓<▓
▓▓▓


You could see a worm, an iguana and a white imp (wandering).

Vanquished Creatures
  An endoplasm (D)
  A goblin (D)
  2 hobgoblins (D)
  A rat (D)
5 creatures vanquished.

Notes
Turn   | Place    | Note
-------+----------+-------------------------------------------
     0 | D        | Groucho the Gargoyle Gladiator began the quest for the Orb.
     0 | D        | Reached XP level 1. HP: 12/12 MP: 1/1
     6 | D        | Reached skill level 3 in Axes
     6 | D        | Reached skill level 1 in Armour
    20 | D        | Noticed a hound
    20 | D        | Noticed an orc wizard
    20 | D        | Noticed an iguana
   471 | D        | Slain by an iguana

Illustrated notes

Levels and vault maps discovered:
D:        linesprint [early_d, line_temple, items_1, d_10, items_2, lair_1,
          lair_end, items_3, orc_1, orc_end, items_4, d_15, swamp_1, shoals_1,
          snake_1, spider_1, d_20, vaults_1, items_5, swamp_end, shoals_end,
          snake_end, spider_end, vaults_end, d_27, items_6, zot_1, zot_end,
          crypt_end, forest_end, elf_end, slime_end, tomb_end, abyss_end,
          pan_hell_end]

Skill      XL: |  1 |
---------------+----+-----
Axes           | 3 |  3.1
Armour         | 1 |  1.6
Fighting       | |  2.9
Throwing       | |  1.7
Dodging        | |  2.8

Action                     || total
---------------------------++-------
  Melee: War axe           ||    15
    Use: Scroll            ||     1
         Potion            ||     1
 Armour: Leather armour    ||     3
  Dodge: Dodged            ||     9
